 Dungeon Crawl Stone Soup version 0.29.0-4-gdea44cf6ec (webtiles) character file.

Game seed: 3590512569599265171

80500 qw the Peltast (level 15, -22/96 HPs)
             Began as a Gargoyle Berserker on Sept 8, 2022.
             Was an Elder of Trog.
             Annihilated by an ettin
             ... wielding a +0 dire flail
              (24 damage)
             ... on level 2 of the Orcish Mines.
             The game lasted 00:10:05 (28246 turns).

qw the Peltast (Gargoyle Berserker)                Turns: 28246, Time: 00:10:05

Health: -22/96     AC: 31    Str: 43    XL:     15   Next: 67%
Magic:  15/15      EV:  9    Int:  9    God:    Trog [****..]
Gold:   1548       SH: 23    Dex: 11    Spells: 14/14 levels left

rFire   . . .      SeeInvis +   h - +6 war axe
rCold   . . .      Faith    .   y - +0 tower shield
rNeg    + + .      Spirit   .   v - +0 chain mail of Claustrophobia {*Corrode rPois Str+4 SInv}
rPois   inf        Reflect  +   B - +0 helmet "Joschauss" {rPois rN+}
rElec   +          Harm     .   p - +4 cloak "Alouvox" {Will+ Stlth+}
rCorr   +          Rampage  .   m - +2 pair of gloves
Will    ++++.                   g - +1 pair of boots
Stlth   ..........              d - amulet of reflection
HPRegen 1.26/turn               q - ring "Kuat" {rPois rCorr Str+6 Dex+4}
MPRegen 0.14/turn               o - +6 ring of strength

@: about to teleport, strong-willed, corroded, on berserk cooldown, flying,
regenerating, slowed, very slow
A: sickness immunity, AC +11, big wings, negative energy resistance 1,
electricity resistance, torment resistance 1, petrification resistance, clumsy 1
a: Renounce Religion, Berserk, Trog's Hand, Brothers in Arms


You were on level 2 of the Orcish Mines.
You worshipped Trog.
Trog was greatly pleased with you.
You visited 3 branches of the dungeon, and saw 22 of its levels.

You collected 1572 gold pieces.
You spent 24 gold pieces at shops.


Innate Abilities, Weirdness & Mutations

You are immune to sickness and miasma.
Your stone body is resilient. (AC +11)
You are immune to poison.
Your large and strong wings let you fly.
You resist negative energy. (rN+)
You are resistant to electric shocks. (rElec)
You are resistant to unholy torment.
You are immune to petrification.
You are clumsy. (Dex -2)


   Skills:
 - Level 12.1 Fighting
 + Level 15.7 Axes
 - Level 6.0 Throwing
 - Level 10.0 Armour
 - Level 4.2 Dodging
 - Level 16.3 Shields


You had 14 spell levels left.
You didn't know any spells.
Your spell library was empty.

Inventory:

Hand Weapons
 h - a +6 war axe (weapon)
 r - a +0 morningstar
 u - the +7 hand axe "Xeiteoh" {venom, rF+ Dex+4}
   (You found it on level 4 of the Lair of Beasts)

   It poisons the flesh of those it strikes.
   Dex:       It affects your dexterity (+4).
   rF:        It protects you from fire.
Missiles
 j - 8 javelins
 w - 7 silver javelins (quivered)
Armour
 g - a +1 pair of boots (worn)
 l - a +0 plate armour
 m - a +2 pair of gloves (worn)
 p - the +4 cloak "Alouvox" (worn) {Will+ Stlth+}
   (You found it on level 7 of the Dungeon)

   Will:      It increases your willpower.
   Stlth:     It makes you more stealthy.
 v - the +0 chain mail of Claustrophobia (worn) {*Corrode rPois Str+4 SInv}
   (You found it on level 3 of the Lair of Beasts)

   Str:       It affects your strength (+4).
   rPois:     It protects you from poison.
   SInv:      It lets you see invisible.
   *Corrode:  It may corrode you when you take damage.
 y - a +0 tower shield (worn)
 B - the +0 helmet "Joschauss" (worn) {rPois rN+}
   (You found it on level 11 of the Dungeon)

   rPois:     It protects you from poison.
   rN:        It protects you from negative energy.
Jewellery
 b - a ring of protection from fire
 d - an amulet of reflection (around neck)
 f - a ring of see invisible
 o - a +6 ring of strength (right hand)
 q - the ring "Kuat" (left hand) {rPois rCorr Str+6 Dex+4}
   (You found it on level 15 of the Dungeon)

   [ring of strength]

   Str:       It affects your strength (+6).
   Dex:       It affects your dexterity (+4).
   rPois:     It protects you from poison.
   rCorr:     It protects you from acid and corrosion.
 Y - a ring of protection from fire
Scrolls
 a - 15 scrolls of identify
 i - 5 scrolls of teleportation
Potions
 e - 9 potions of mutation
 n - a potion of haste
 s - 6 potions of curing
 t - 4 potions of heal wounds
 z - 3 potions of might

Dungeon Overview and Level Annotations

Branches:
Dungeon (15/15)            Temple (0/1) D:5            Lair (5/5) D:8
 Shoals (0/4) Lair:2       Spider (0/4) Lair:2        Slime (0/5) Lair:4
    Orc (2/2) D:9             Elf (0/3) Orc:2        Vaults (0/5) D:13
 Depths (0/4) D:15

Altars:
Ashenzari
Cheibriados
Dithmenos
Elyvilon
Fedhas
Gozag
Okawaru
Ru
Trog
Uskayaw
Vehumet
Wu Jian
Xom
Yredelemnul
Zin
Jiyva

Shops:
D:1 [   D:7 (   D:10 [   D:12 :

Annotations:
D:9 1 runed translucent door, qw's ghost, novice DsCA
Lair:1 1 runed translucent door, qw's ghost, novice GrBe


Message History

The two-headed ogre hits you but does no damage.
The troll bites you but does no damage. You block the troll's attack.
The troll claws you but does no damage.
The deep troll bites you but does no damage.
The deep troll claws you but does no damage.
The deep troll barely misses you.
The ogre mage hits you from afar with a +0 spear.
The ogre hits you with a +0 giant spiked club.
You slice the troll!!
You kill the troll!
Trog accepts your kill.
You hit the two-headed ogre but do no damage.
You slash the ogre! You hit the deep troll. You slice the ogre!!
You block the deep troll's attack.
The deep troll claws you but does no damage.
The deep troll completely misses you. You block the ogre's attack.
You block the two-headed ogre's attack.
The two-headed ogre hits you but does no damage.
You slice the ogre!!
You kill the ogre!
Trog accepts your kill.
You can now call in reinforcements.
You slash the deep troll! You slice the two-headed ogre!! You hit the ogre.
You block the ogre mage's attack. You block the ogre's attack.
You block the deep troll's attack. The deep troll closely misses you.
You block the deep troll's attack.
The two-headed ogre hits you with a +0 great mace!
The two-headed ogre completely misses you.
28246 ||| READING 6 scrolls of teleportation.
As you read the scroll of teleportation, it crumbles to dust.
You feel strangely unstable. You block the ogre's attack.
You block the deep troll's attack. x2
The deep troll claws you but does no damage.
The ogre hits you but does no damage. The ettin barely misses you.
The ettin hits you with a +0 dire flail.
The ogre mage barely misses you. The deep troll bites you.
You block the deep troll's attack. The deep troll closely misses you.
The two-headed ogre barely misses you.
The two-headed ogre hits you with a +0 giant club!
The ettin hits you with a +0 dire flail!!
You die...

..#......##....
................
..............$..
.............$....
..............T.....
..............O.....
...........OOO....<.
............@T......
........#....C$^....
....................
......))))..........
.....$..)..........$
.......<)>..........
...$.........$......
..........$...<.....
...................


You could see an ettin, a two-headed ogre, an ogre mage (invisible), a deep
troll, a troll and 2 ogres.

Vanquished Creatures
  9 slime creatures
  A stone giant (D:15)
  Nessos (Lair:4)
  A fire dragon (D:13)
  Josephine (D:13)
  5 hydras
  A vault guard (D:13)
  Erica (D:10)
  2 ogre magi
  7 centaur warriors
  2 catoblepae (Lair:5)
  14 two-headed ogres
  A deep troll shaman (Lair:5)
  6 death yaks (Lair:5)
  Urug (D:13)
  Sonja (Lair:4)
  An orange crystal statue (D:8)
  A wizard (D:13)
  A lindwurm (Lair:5)
  Pikel (D:4)
  A deep elf pyromancer (D:13)
  7 ugly things
  2 oklob plants (Lair:4)
  2 cyclopes
  An orc sorcerer (Orc:1)
  A salamander (shapeshifter) (D:15)
  4 elephants (Lair:5)
  6 manticores
  3 black mambas
  An ice statue (D:8)
  Joseph (D:7)
  Maggie (Lair:1)
  2 gargoyles (D:13)
  A torpor snail (Lair:4)
  13 cane toads
  A rime drake (Lair:5)
  2 unseen horror zombies (D:8)
  12 komodo dragons
  A freezing wraith (D:14)
  8 polar bears
  3 meliai (D:15)
  A tarantella (shapeshifter) (D:15)
  9 trolls
  A wind drake (Lair:2)
  18 blink frogs
  Sigmund (D:4)
  8 dream sheep (Lair:5)
  A shadow (D:11)
  25 yaks
  3 vampires
  7 wraiths
  10 wyverns
  10 basilisks
  2 steam dragons
  2 vampire mosquitoes (D:8)
  A warg (Orc:1)
  An acid dragon (D:13)
  17 water moccasins
  A meliai simulacrum (D:15)
  4 orc warriors
  A hornet zombie (D:8)
  A swamp drake (D:8)
  A swamp drake (shapeshifter) (D:13)
  3 ice beasts
  4 black bears
  5 sky beasts
  21 wolves
  15 ogres
  4 boggarts (Lair:5)
  9 centaurs
  A phantom (D:7)
  A kobold brigand (D:7)
  7 bullfrogs
  Blork the orc (D:4)
  5 scorpions
  2 gnoll sergeants
  3 necrophages
  A wyvern zombie (D:8)
  A wight (D:8)
  10 killer bees
  2 howler monkeys
  2 electric eels (Lair:2)
  A human zombie (D:8)
  2 jellies
  2 centaur zombies (D:8)
  A hound (D:5)
  7 orc priests
  A gnoll bouda (Orc:1)
  Ijyb (D:3)
  An iguana (D:6)
  10 orc wizards
  A statue (D:5)
  3 mummies (D:8)
  15 gnolls
  10 adders
  5 shadow imps
  6 white imps
  2 ufetubi (D:7)
  5 dart slugs
  31 orcs
  7 ball pythons
  7 bats
  7 endoplasms
  3 giant cockroaches
  9 goblins
  9 hobgoblins
  13 kobolds
  4 quokkas
  2 frilled lizards (D:2)
  2 rats
520 creatures vanquished.

Vanquished Creatures (collateral kills)
  2 hydras
  A komodo dragon (Lair:5)
  A wolf (Lair:5)
4 creatures vanquished.

Vanquished Creatures (others)
  A manticore (D:13)
  An ogre (D:7)
  A scorpion (D:7)
  A howler monkey (D:7)
  A jelly (D:7)
  An orc wizard (D:7)
  2 orcs (D:9)
  A butterfly (D:9)
  12 demonic plants (D:7)
  55 fungi
  73 plants
  5 toadstools (D:12)
154 creatures vanquished.

Grand Total: 678 creatures vanquished

Notes
Turn   | Place    | Note
-------+----------+-------------------------------------------
     0 | D:1      | qw the Gargoyle Berserker began the quest for the Orb.
     0 | D:1      | Reached XP level 1. HP: 14/14 MP: 1/1
     0 | D:1      | 0 ||| qw: Version: 0.1-a-112-g44dc6cd
     0 | D:1      | 0 ||| qw: Game counter: 6709
     0 | D:1      | 0 ||| qw: Always use a shield: true
     0 | D:1      | 0 ||| qw: Do Orc after D:15 true
     0 | D:1      | 0 ||| qw: Do second Lair branch before Depths: true
     0 | D:1      | 0 ||| qw: Lair rune preference: random
     0 | D:1      | 0 ||| qw: Plans: Normal
     0 | D:1      | 0 ||| PLANNING D:1-11
    55 | D:1      | Reached skill level 3 in Axes
   158 | D:1      | Reached XP level 2. HP: 19/19 MP: 2/2
   161 | D:1      | 161 ||| Stepping ~*~*~tactically~*~*~ (stealth).
   163 | D:1      | 163 ||| Stepping ~*~*~tactically~*~*~ (stealth).
   168 | D:1      | 168 ||| Stepping ~*~*~tactically~*~*~ (stealth).
   844 | D:1      | Found Quutt's Armour Shoppe.
   852 | D:1      | 852 ||| BUYING +0 leather armour (24 gold).
   852 | D:1      | Bought a +0 leather armour for 24 gold pieces
   852 | D:1      | 852 ||| SHOPLISTING +0 plate armour (276 gold, have 7).
   852 | D:1      | 852 ||| SHOPLISTING +0 ring mail (48 gold, have 7).
   852 | D:1      | 852 ||| SHOPLISTING +0 scale mail (48 gold, have 7).
   852 | D:1      | 852 ||| SHOPLISTING +11 chain mail of Happy Babbling {*Slow
                  | +Inv rPois} (865 gold, have 7).
   852 | D:1      | 852 ||| SHOPLISTING +5 robe of Misfortune {Harm *Corrode
                  | *Slow EV+5} (510 gold, have 7).
   936 | D:1      | 936 ||| UPGRADING to +1 hat.
   941 | D:1      | 941 ||| UPGRADING to +0 leather armour.
   951 | D:1      | 951 ||| DROPPING +0 animal skin.
   952 | D:1      | 952 ||| UPGRADING to amulet of reflection.
   957 | D:1      | 957 ||| UPGRADING to +6 ring of strength.
   958 | D:1      | 958 ||| UPGRADING to ring of positive energy.
   959 | D:1      | 959 ||| READING 4 scrolls labelled JUBUXZ DILIUTS.
   960 | D:1      | 960 ||| READING scroll labelled FIALLE POZONICK.
   961 | D:1      | 961 ||| READING scroll labelled SIATHOWOTH.
   962 | D:1      | 962 ||| READING 3 scrolls of identify.
   962 | D:1      | 962 ||| IDENTIFYING bubbling dark potion
   963 | D:1      | 963 ||| READING 2 scrolls of identify.
   963 | D:1      | 963 ||| IDENTIFYING pink potion
   964 | D:1      | 964 ||| DROPPING potion of flight.
   998 | D:2      | Reached XP level 3. HP: 23/23 MP: 3/3
   998 | D:2      | 998 ||| Stepping ~*~*~tactically~*~*~ (stealth).
  1304 | D:2      | 1304 ||| Stepping ~*~*~tactically~*~*~ (stealth).
  1306 | D:2      | 1306 ||| Stepping ~*~*~tactically~*~*~ (stealth).
  1312 | D:2      | Reached ** piety under Trog
  1422 | D:2      | Found a broken altar of Ashenzari.
  1519 | D:2      | 1519 ||| READING scroll of enchant armour.
  1519 | D:2      | 1519 ||| ENCHANTING +1 hat.
  1567 | D:2      | 1567 ||| Stepping ~*~*~tactically~*~*~ (stealth).
  1568 | D:2      | 1568 ||| Stepping ~*~*~tactically~*~*~ (stealth).
  1629 | D:2      | 1629 ||| Stepping ~*~*~tactically~*~*~ (stealth).
  1638 | D:2      | Reached XP level 4. HP: 28/28 MP: 4/4
  1659 | D:2      | Identified the +7 spear of Okawaru's Generosity {freeze,
                  | rPois rN+ Will+}
  1780 | D:2      | Found a faded altar of an unknown god.
  2106 | D:2      | 2106 ||| UPGRADING to +0 ring mail.
  2116 | D:2      | 2116 ||| UPGRADING to +0 pair of boots.
  2121 | D:2      | 2121 ||| DROPPING +0 leather armour.
  2122 | D:2      | 2122 ||| READING 3 scrolls labelled BOMAOZ QIZOH.
  2125 | D:2      | 2125 ||| READING scroll labelled JICAOLU KEMARCH.
  2175 | D:3      | 2175 ||| Stepping ~*~*~tactically~*~*~ (stealth).
  2294 | D:3      | Found a shadowy altar of Dithmenos.
  2338 | D:3      | Noticed Ijyb
  2339 | D:3      | 2339 ||| Stepping ~*~*~tactically~*~*~ (hiding).
  2341 | D:3      | 2341 ||| INVOKING Berserk.
  2347 | D:3      | Killed Ijyb
  2348 | D:3      | Reached skill level 1 in Throwing
  2348 | D:3      | Reached XP level 5. HP: 32/32 MP: 5/5
  2592 | D:3      | Found a glowing silver altar of Zin.
  2719 | D:3      | 2719 ||| UPGRADING to +0 plate armour.
  2729 | D:3      | 2729 ||| DROPPING +0 ring mail.
  2730 | D:3      | 2730 ||| UPGRADING to +0 pair of gloves.
  2735 | D:3      | 2735 ||| DROPPING +0 scale mail.
  2736 | D:3      | 2736 ||| READING scroll labelled QUEHIOCR YZXUM.
  2737 | D:3      | 2737 ||| DRINKING 2 fuming pink potions.
  2737 | D:3      | Gained mutation: You are clumsy. (Dex -2) [potion of
                  | mutation]
  2738 | D:3      | 2738 ||| READING 2 scrolls of identify.
  2738 | D:3      | 2738 ||| IDENTIFYING fizzy brown potion
  2739 | D:3      | 2739 ||| DROPPING potion of attraction.
  2847 | D:4      | Noticed Blork the orc
  2850 | D:4      | 2850 ||| INVOKING Berserk.
  2856 | D:4      | Killed Blork the orc
  2857 | D:4      | Reached skill level 3 in Armour
  2991 | D:4      | 2991 ||| Stepping ~*~*~tactically~*~*~ (stealth).
  3003 | D:4      | 3003 ||| INVOKING Berserk.
  3006 | D:4      | Reached XP level 6. HP: 37/37 MP: 6/6
  3478 | D:4      | Noticed Pikel
  3484 | D:4      | 3484 ||| INVOKING Berserk.
  3491 | D:4      | Killed Pikel
  3492 | D:4      | Reached XP level 7. HP: 48/48 MP: 7/7
  3597 | D:4      | 3597 ||| DROPPING +0 club.
  3613 | D:4      | Noticed Sigmund
  3615 | D:4      | 3615 ||| Stepping ~*~*~tactically~*~*~ (hiding).
  3624 | D:4      | 3624 ||| INVOKING Berserk.
  3628 | D:4      | Killed Sigmund
  3629 | D:4      | Reached XP level 8. HP: 53/53 MP: 8/8
  3931 | D:4      | Found a sacrificial altar of Ru.
  3981 | D:4      | 3981 ||| READING scroll labelled AQISON ZAMEN.
  3982 | D:4      | 3982 ||| READING scroll labelled CODORU WIETTELATS.
  4020 | D:5      | Entered Level 5 of the Dungeon
  4021 | D:5      | 4021 ||| STAIRDANCE
  4029 | D:5      | 4029 ||| STAIRDANCE
  4043 | D:5      | 4043 ||| STAIRDANCE
  4053 | D:4      | Reached skill level 6 in Axes
  4150 | D:5      | 4150 ||| INVOKING Berserk.
  4346 | D:5      | Found a broken altar of Ashenzari.
  4546 | D:5      | 4546 ||| Stepping ~*~*~tactically~*~*~ (stealth).
  4551 | D:5      | 4551 ||| Stepping ~*~*~tactically~*~*~ (stealth).
  4561 | D:5      | Found a hide-covered altar of Uskayaw.
  4563 | D:5      | 4563 ||| INVOKING Berserk.
  4769 | D:5      | 4769 ||| INVOKING Berserk.
  4871 | D:5      | Found a snail-covered altar of Cheibriados.
  5001 | D:5      | Found a staircase to the Ecumenical Temple.
  5341 | D:5      | Reached XP level 9. HP: 43/57 MP: 9/9
  5421 | D:5      | Found a radiant altar of Vehumet.
  5428 | D:5      | 5428 ||| INVOKING Berserk.
  5535 | D:5      | 5535 ||| READING 4 scrolls of identify.
  5535 | D:5      | 5535 ||| IDENTIFYING bubbling blue potion
  5536 | D:5      | 5536 ||| READING 3 scrolls of identify.
  5536 | D:5      | 5536 ||| IDENTIFYING amethyst potion
  5537 | D:5      | 5537 ||| READING 2 scrolls of identify.
  5537 | D:5      | 5537 ||| IDENTIFYING yellow potion
  5538 | D:5      | 5538 ||| DROPPING potion of ambrosia.
  5539 | D:5      | 5539 ||| DROPPING potion of brilliance.
  5540 | D:5      | 5540 ||| DROPPING potion of invisibility.
  5638 | D:6      | 5638 ||| READING scroll of enchant armour.
  5638 | D:6      | 5638 ||| ENCHANTING +0 pair of gloves.
  5691 | D:6      | 5691 ||| Stepping ~*~*~tactically~*~*~ (stealth).
  5697 | D:6      | 5697 ||| FLEEEEING.
  5698 | D:6      | 5698 ||| FLEEEEING.
  5699 | D:6      | 5699 ||| FLEEEEING.
  5700 | D:6      | 5700 ||| FLEEEEING.
  5701 | D:6      | 5701 ||| FLEEEEING.
  5702 | D:6      | 5702 ||| FLEEEEING.
  5704 | D:6      | 5704 ||| FLEEEEING.
  5712 | D:6      | 5712 ||| INVOKING Berserk.
  5712 | D:6      | HP: 18/85 [ice beast (14)]
  6112 | D:6      | 6112 ||| Stepping ~*~*~tactically~*~*~ (hiding).
  6118 | D:6      | 6118 ||| INVOKING Berserk.
  6262 | D:6      | Found a blossoming altar of Fedhas.
  6293 | D:6      | 6293 ||| FLEEEEING.
  6294 | D:6      | 6294 ||| FLEEEEING.
  6295 | D:6      | 6295 ||| FLEEEEING.
  6296 | D:6      | 6296 ||| FLEEEEING.
  6297 | D:6      | 6297 ||| FLEEEEING.
  6476 | D:6      | 6476 ||| INVOKING Berserk.
  6724 | D:6      | 6724 ||| INVOKING Berserk.
  7234 | D:6      | Reached skill level 9 in Axes
  7348 | D:6      | 7348 ||| UPGRADING to +0 kite shield.
  7353 | D:6      | 7353 ||| DRINKING 2 metallic grey potions.
  7462 | D:7      | Reached skill level 2 in Shields
  7602 | D:7      | Reached skill level 3 in Shields
  7633 | D:7      | Noticed Joseph
  7634 | D:7      | 7634 ||| Stepping ~*~*~tactically~*~*~ (hiding).
  7636 | D:7      | 7636 ||| INVOKING Berserk.
  7642 | D:7      | Reached skill level 4 in Shields
  7652 | D:7      | Killed Joseph
  7653 | D:7      | Reached skill level 5 in Shields
  7656 | D:7      | HP: 10/57 [killer bee (5)]
  7657 | D:7      | 7657 ||| READING 8 scrolls of teleportation.
  7661 | D:7      | 7661 ||| READING 7 scrolls of teleportation.
  7663 | D:7      | Found a shimmering altar of Xom.
  7664 | D:7      | 7664 ||| READING 6 scrolls of teleportation.
  7667 | D:7      | 7667 ||| READING 5 scrolls of teleportation.
  7667 | D:7      | HP: 8/57 [killer bee (3)]
  7771 | D:7      | 7771 ||| Invisible monster not found???
  7799 | D:7      | Reached *** piety under Trog
  7800 | D:7      | Reached skill level 6 in Shields
  7935 | D:7      | 7935 ||| Stepping ~*~*~tactically~*~*~ (stealth).
  7936 | D:7      | 7936 ||| Stepping ~*~*~tactically~*~*~ (stealth).
  7941 | D:7      | 7941 ||| INVOKING Berserk.
  7952 | D:7      | Reached XP level 10. HP: 63/63 MP: 10/10
  7972 | D:7      | 7972 ||| Stepping ~*~*~tactically~*~*~ (stealth).
  7986 | D:7      | Reached skill level 7 in Shields
  8014 | D:7      | 8014 ||| DROPPING +2 whip of freezing.
  8029 | D:7      | 8029 ||| Stepping ~*~*~tactically~*~*~ (stealth).
  8285 | D:7      | Reached skill level 8 in Shields
  8451 | D:7      | Identified the +1 robe "Nesey" {+Blink rC+}
  8472 | D:7      | Reached skill level 6 in Armour
  8498 | D:7      | 8498 ||| Stepping ~*~*~tactically~*~*~ (stealth).
  8500 | D:7      | 8500 ||| Stepping ~*~*~tactically~*~*~ (stealth).
  8633 | D:7      | Found Zoog's Antique Weapon Emporium.
  8650 | D:7      | Identified the +4 cloak "Alouvox" {Will+ Stlth+}
  8701 | D:7      | 8701 ||| Stepping ~*~*~tactically~*~*~ (stealth).
  8703 | D:7      | 8703 ||| Stepping ~*~*~tactically~*~*~ (stealth).
  8714 | D:7      | 8714 ||| Stepping ~*~*~tactically~*~*~ (stealth).
  8715 | D:7      | 8715 ||| Stepping ~*~*~tactically~*~*~ (stealth).
  8885 | D:7      | 8885 ||| UPGRADING to +4 cloak "Alouvox" {Will+ Stlth+}.
  8890 | D:7      | 8890 ||| READING 3 scrolls of identify.
  8890 | D:7      | 8890 ||| IDENTIFYING red potion
  8891 | D:7      | 8891 ||| DROPPING potion of degeneration.
  8929 | D:8      | Reached skill level 9 in Shields
  9135 | D:8      | 9135 ||| SWAPPING to +5 hand axe.
  9136 | D:8      | 9136 ||| DROPPING +0 hand axe.
  9152 | D:8      | Found a basalt altar of Yredelemnul.
  9257 | D:8      | 9257 ||| DROPPING +2 antimagic mace.
  9359 | D:8      | Found an opulent altar of Gozag.
  9600 | D:8      | 9600 ||| SWAPPING to +0 war axe.
  9601 | D:8      | 9601 ||| DROPPING +5 hand axe.
  9613 | D:8      | Reached **** piety under Trog
  9684 | D:8      | 9684 ||| Stepping ~*~*~tactically~*~*~ (hiding).
  9685 | D:8      | 9685 ||| Stepping ~*~*~tactically~*~*~ (hiding).
  9686 | D:8      | 9686 ||| Stepping ~*~*~tactically~*~*~ (hiding).
  9687 | D:8      | 9687 ||| Stepping ~*~*~tactically~*~*~ (hiding).
  9692 | D:8      | Noticed an orange crystal statue
  9693 | D:8      | 9693 ||| INVOKING Brothers in Arms.
  9699 | D:8      | 9699 ||| INVOKING Berserk.
  9702 | D:8      | Killed an orange crystal statue
  9885 | D:8      | Noticed an ice statue
  9886 | D:8      | 9886 ||| Stepping ~*~*~tactically~*~*~ (stealth).
  9900 | D:8      | 9900 ||| Stepping ~*~*~tactically~*~*~ (cloud).
  9966 | D:8      | 9966 ||| DROPPING +6 ring of intelligence.
  9967 | D:8      | 9967 ||| READING scroll labelled ULAIM WELELI.
  9968 | D:8      | 9968 ||| Stepping ~*~*~tactically~*~*~ (cloud).
  9969 | D:8      | 9969 ||| INVOKING Berserk.
  9981 | D:8      | Killed an ice statue
  9982 | D:8      | Reached XP level 11. HP: 27/68 MP: 11/11
 10596 | D:8      | 10596 ||| Stepping ~*~*~tactically~*~*~ (hiding).
 10597 | D:8      | 10597 ||| Stepping ~*~*~tactically~*~*~ (stealth).
 10601 | D:8      | 10601 ||| INVOKING Berserk.
 10607 | D:8      | Found a staircase to the Lair.
 10771 | D:8      | 10771 ||| INVOKING Berserk.
 10931 | D:8      | 10931 ||| PLANNING LAIR
 10931 | D:8      | 10931 ||| READING scroll labelled LULUHO AMOACK.
 11032 | D:8      | 11032 ||| DRINKING 2 bubbling coppery potions.
 11084 | D:8      | 11084 ||| READING 4 scrolls of identify.
 11084 | D:8      | 11084 ||| IDENTIFYING emerald potion
 11085 | D:8      | 11085 ||| READING 3 scrolls of identify.
 11085 | D:8      | 11085 ||| IDENTIFYING puce potion
 11086 | D:8      | 11086 ||| DROPPING potion of berserk rage.
 11087 | D:8      | 11087 ||| DROPPING potion of lignification.
 11134 | Lair:1   | Entered Level 1 of the Lair of Beasts
 11138 | Lair:1   | 11138 ||| INVOKING Berserk.
 11149 | Lair:1   | 11149 ||| Stepping ~*~*~tactically~*~*~ (stealth).
 11152 | Lair:1   | 11152 ||| Stepping ~*~*~tactically~*~*~ (stealth).
 11354 | Lair:1   | 11354 ||| Stepping ~*~*~tactically~*~*~ (stealth).
 11356 | Lair:1   | 11356 ||| Stepping ~*~*~tactically~*~*~ (stealth).
 11357 | Lair:1   | 11357 ||| Stepping ~*~*~tactically~*~*~ (stealth).
 11366 | Lair:1   | 11366 ||| Stepping ~*~*~tactically~*~*~ (stealth).
 11367 | Lair:1   | 11367 ||| Stepping ~*~*~tactically~*~*~ (stealth).
 11370 | Lair:1   | 11370 ||| Stepping ~*~*~tactically~*~*~ (stealth).
 11371 | Lair:1   | 11371 ||| Stepping ~*~*~tactically~*~*~ (stealth).
 11445 | Lair:1   | 11445 ||| Stepping ~*~*~tactically~*~*~ (hiding).
 11446 | Lair:1   | 11446 ||| Stepping ~*~*~tactically~*~*~ (hiding).
 11470 | Lair:1   | 11470 ||| READING 3 scrolls of enchant weapon.
 11470 | Lair:1   | 11470 ||| ENCHANTING +1 war axe.
 11471 | Lair:1   | 11471 ||| READING 2 scrolls of enchant weapon.
 11471 | Lair:1   | 11471 ||| ENCHANTING +2 war axe.
 11472 | Lair:1   | 11472 ||| READING scroll of enchant weapon.
 11472 | Lair:1   | 11472 ||| ENCHANTING +3 war axe.
 11508 | Lair:1   | Noticed an eight-headed hydra
 11511 | Lair:1   | 11511 ||| Stepping ~*~*~tactically~*~*~ (stealth).
 11512 | Lair:1   | 11512 ||| SWAPPING to +0 flail.
 11513 | Lair:1   | 11513 ||| INVOKING Berserk.
 11521 | Lair:1   | Killed an eight-headed hydra
 11544 | Lair:1   | 11544 ||| SWAPPING to +4 war axe.
 11724 | Lair:1   | 11724 ||| INVOKING Berserk.
 11872 | Lair:1   | 11872 ||| Stepping ~*~*~tactically~*~*~ (stealth).
 11873 | Lair:1   | 11873 ||| Stepping ~*~*~tactically~*~*~ (stealth).
 11874 | Lair:1   | 11874 ||| INVOKING Berserk.
 11893 | Lair:1   | Reached skill level 10 in Shields
 11939 | Lair:1   | 11939 ||| Stepping ~*~*~tactically~*~*~ (stealth).
 11942 | Lair:1   | 11942 ||| Stepping ~*~*~tactically~*~*~ (stealth).
 12042 | Lair:1   | 12042 ||| DROPPING +2 mace of draining.
 12058 | Lair:1   | Noticed Maggie
 12067 | Lair:1   | Killed Maggie
 12155 | Lair:1   | 12155 ||| DROPPING +0 flail.
 12185 | Lair:1   | 12185 ||| INVOKING Berserk.
 12194 | Lair:1   | 12194 ||| Stepping ~*~*~tactically~*~*~ (stealth).
 12195 | Lair:1   | 12195 ||| Stepping ~*~*~tactically~*~*~ (stealth).
 12196 | Lair:1   | 12196 ||| Stepping ~*~*~tactically~*~*~ (stealth).
 12212 | Lair:1   | Reached skill level 9 in Fighting
 12381 | Lair:1   | Found a runed translucent door.
 12386 | Lair:1   | Noticed qw's ghost (novice GrBe)
 12454 | Lair:1   | 12454 ||| READING scroll of enchant armour.
 12454 | Lair:1   | 12454 ||| ENCHANTING +1 pair of gloves.
 12504 | Lair:1   | 12504 ||| INVOKING Berserk.
 12839 | Lair:1   | 12839 ||| UPGRADING to ring of protection from fire.
 12841 | Lair:1   | 12841 ||| READING 2 scrolls labelled GIUFOE KUNA.
 12842 | Lair:1   | 12842 ||| DROPPING scroll of magic mapping.
 12867 | Lair:2   | 12867 ||| INVOKING Berserk.
 13044 | Lair:2   | Reached skill level 3 in Throwing
 13052 | Lair:2   | Reached XP level 12. HP: 76/76 MP: 12/12
 13064 | Lair:2   | Reached skill level 12 in Axes
 13244 | Lair:2   | 13244 ||| Stepping ~*~*~tactically~*~*~ (hiding).
 13270 | Lair:2   | Found a hole to the Spider Nest.
 13271 | Lair:2   | 13271 ||| INVOKING Brothers in Arms.
 13272 | Lair:2   | 13272 ||| INVOKING Brothers in Arms.
 13273 | Lair:2   | 13273 ||| INVOKING Brothers in Arms.
 13274 | Lair:2   | 13274 ||| READING 5 scrolls of teleportation.
 13301 | Lair:2   | Noticed a five-headed hydra
 13304 | Lair:2   | 13304 ||| SWAPPING to +0 morningstar.
 13305 | Lair:2   | 13305 ||| INVOKING Berserk.
 13314 | Lair:2   | Killed a five-headed hydra
 13315 | Lair:2   | Reached skill level 9 in Armour
 13355 | Lair:2   | 13355 ||| SWAPPING to +4 war axe.
 13731 | Lair:2   | Found a staircase to the Shoals.
 13736 | Lair:2   | 13736 ||| INVOKING Berserk.
 13967 | Lair:2   | 13967 ||| INVOKING Berserk.
 14078 | Lair:2   | You fall into a shaft and drop 1 floor!
 14081 | Lair:3   | 14081 ||| Stepping ~*~*~tactically~*~*~ (stealth).
 14109 | Lair:3   | 14109 ||| READING scroll labelled XETAYMMA NILIZ.
 14130 | Lair:2   | 14130 ||| INVOKING Berserk.
 14462 | Lair:2   | 14462 ||| INVOKING Brothers in Arms.
 14463 | Lair:2   | 14463 ||| READING 4 scrolls of teleportation.
 14494 | Lair:2   | 14494 ||| READING 3 scrolls of teleportation.
 14495 | Lair:2   | 14495 ||| FLEEEEING.
 14498 | Lair:2   | 14498 ||| FLEEEEING.
 14538 | Lair:2   | 14538 ||| READING 2 scrolls of teleportation.
 14539 | Lair:2   | 14539 ||| FLEEEEING.
 14540 | Lair:2   | 14540 ||| FLEEEEING.
 14558 | Lair:2   | 14558 ||| READING scroll of teleportation.
 14559 | Lair:2   | 14559 ||| FLEEEEING.
 14560 | Lair:2   | 14560 ||| FLEEEEING.
 14585 | Lair:2   | 14585 ||| Stepping randomly (stuck).
 14586 | Lair:2   | 14586 ||| Stepping randomly (stuck).
 14597 | Lair:2   | 14597 ||| Stepping randomly (stuck).
 14598 | Lair:2   | 14598 ||| Stepping randomly (stuck).
 14599 | Lair:2   | 14599 ||| Stepping randomly (stuck).
 14600 | Lair:2   | 14600 ||| FLEEEEING.
 14601 | Lair:2   | 14601 ||| FLEEEEING.
 14603 | Lair:2   | 14603 ||| FLEEEEING.
 14604 | Lair:2   | 14604 ||| FLEEEEING.
 14971 | Lair:3   | 14971 ||| INVOKING Berserk.
 15082 | Lair:3   | 15082 ||| Stepping ~*~*~tactically~*~*~ (stealth).
 15083 | Lair:3   | 15083 ||| Stepping ~*~*~tactically~*~*~ (stealth).
 15084 | Lair:3   | 15084 ||| INVOKING Berserk.
 15271 | Lair:3   | 15271 ||| Stepping ~*~*~tactically~*~*~ (stealth).
 15272 | Lair:3   | 15272 ||| INVOKING Berserk.
 15412 | Lair:3   | 15412 ||| INVOKING Berserk.
 15647 | Lair:3   | Identified the +1 leather armour of Sif Muna's Esteem {rF+}
 15651 | Lair:3   | Identified the +0 chain mail of Claustrophobia {*Corrode
                  | rPois Str+4 SInv}
 15698 | Lair:3   | 15698 ||| INVOKING Berserk.
 15958 | Lair:3   | 15958 ||| UPGRADING to +0 chain mail of Claustrophobia
                  | {*Corrode rPois Str+4 SInv}.
 15968 | Lair:3   | 15968 ||| READING scroll labelled IPHARI FIRHUZ.
 15969 | Lair:3   | 15969 ||| READING scroll labelled HOGGUCW JUQI.
 16052 | Lair:4   | Noticed Nessos
 16053 | Lair:4   | 16053 ||| Stepping ~*~*~tactically~*~*~ (stealth).
 16055 | Lair:4   | 16055 ||| Stepping ~*~*~tactically~*~*~ (stealth).
 16057 | Lair:4   | 16057 ||| Stepping ~*~*~tactically~*~*~ (hiding).
 16061 | Lair:4   | 16061 ||| INVOKING Berserk.
 16073 | Lair:4   | Killed Nessos
 16074 | Lair:4   | Reached skill level 11 in Shields
 16165 | Lair:4   | 16165 ||| INVOKING Berserk.
 16294 | Lair:4   | 16294 ||| Stepping ~*~*~tactically~*~*~ (stealth).
 16295 | Lair:4   | 16295 ||| Stepping ~*~*~tactically~*~*~ (stealth).
 16296 | Lair:4   | 16296 ||| Stepping ~*~*~tactically~*~*~ (stealth).
 16321 | Lair:4   | Reached XP level 13. HP: 75/82 MP: 13/13
 16369 | Lair:4   | 16369 ||| INVOKING Berserk.
 16404 | Lair:4   | 16404 ||| SWAPPING to +0 morningstar.
 16411 | Lair:4   | 16411 ||| INVOKING Berserk.
 16518 | Lair:4   | 16518 ||| SWAPPING to +4 war axe.
 16579 | Lair:4   | Identified the +7 hand axe "Xeiteoh" {venom, rF+ Dex+4}
 16583 | Lair:4   | 16583 ||| READING scroll of enchant weapon.
 16583 | Lair:4   | 16583 ||| ENCHANTING +4 war axe.
 16851 | Lair:4   | Found a staircase to the Slime Pits.
 16851 | Lair:4   | Found a viscous altar of Jiyva.
 16856 | Lair:4   | 16856 ||| INVOKING Berserk.
 16872 | Lair:4   | 16872 ||| DRINKING potion of cancellation.
 16968 | Lair:4   | Noticed Sonja
 16978 | Lair:4   | Killed Sonja
 17222 | Lair:4   | 17222 ||| DROPPING ring of flight.
 17258 | Lair:5   | Entered Level 5 of the Lair of Beasts
 17265 | Lair:5   | 17265 ||| INVOKING Berserk.
 17377 | Lair:5   | 17377 ||| Stepping ~*~*~tactically~*~*~ (stealth).
 17378 | Lair:5   | 17378 ||| Stepping ~*~*~tactically~*~*~ (stealth).
 17389 | Lair:5   | 17389 ||| INVOKING Berserk.
 17408 | Lair:5   | 17408 ||| Stepping ~*~*~tactically~*~*~ (stealth).
 17489 | Lair:5   | 17489 ||| Stepping ~*~*~tactically~*~*~ (stealth).
 17490 | Lair:5   | 17490 ||| Stepping ~*~*~tactically~*~*~ (stealth).
 17491 | Lair:5   | 17491 ||| Stepping ~*~*~tactically~*~*~ (stealth).
 17517 | Lair:5   | 17517 ||| INVOKING Berserk.
 17566 | Lair:5   | 17566 ||| INVOKING Berserk.
 17718 | Lair:5   | 17718 ||| Stepping ~*~*~tactically~*~*~ (stealth).
 17728 | Lair:5   | 17728 ||| Stepping ~*~*~tactically~*~*~ (stealth).
 17747 | Lair:5   | 17747 ||| Stepping ~*~*~tactically~*~*~ (stealth).
 17965 | Lair:5   | 17965 ||| Stepping ~*~*~tactically~*~*~ (stealth).
 17967 | Lair:5   | 17967 ||| INVOKING Berserk.
 18012 | Lair:5   | 18012 ||| FLEEEEING.
 18013 | Lair:5   | 18013 ||| FLEEEEING.
 18014 | Lair:5   | 18014 ||| FLEEEEING.
 18015 | Lair:5   | 18015 ||| FLEEEEING.
 18016 | Lair:5   | 18016 ||| FLEEEEING.
 18018 | Lair:5   | 18018 ||| FLEEEEING.
 18019 | Lair:5   | 18019 ||| FLEEEEING.
 18020 | Lair:5   | 18020 ||| FLEEEEING.
 18021 | Lair:5   | 18021 ||| FLEEEEING.
 18022 | Lair:5   | 18022 ||| FLEEEEING.
 18023 | Lair:5   | 18023 ||| FLEEEEING.
 18024 | Lair:5   | 18024 ||| FLEEEEING.
 18025 | Lair:5   | 18025 ||| FLEEEEING.
 18026 | Lair:5   | 18026 ||| FLEEEEING.
 18027 | Lair:5   | 18027 ||| FLEEEEING.
 18028 | Lair:5   | 18028 ||| FLEEEEING.
 18029 | Lair:5   | 18029 ||| FLEEEEING.
 18030 | Lair:5   | 18030 ||| STAIRDANCE
 18250 | Lair:5   | 18250 ||| STAIRDANCE
 18252 | Lair:4   | 18252 ||| INVOKING Berserk.
 18394 | Lair:5   | 18394 ||| FLEEEEING.
 18395 | Lair:5   | 18395 ||| STAIRDANCE
 18519 | Lair:5   | 18519 ||| INVOKING Berserk.
 18532 | Lair:5   | Reached skill level 12 in Shields
 18612 | Lair:5   | 18612 ||| INVOKING Berserk.
 18776 | Lair:5   | 18776 ||| INVOKING Berserk.
 18993 | Lair:5   | Identified the +0 leather armour of the Forest {-Tele rN++
                  | Int+3}
 19261 | Lair:5   | 19261 ||| INVOKING Brothers in Arms.
 19262 | Lair:5   | 19262 ||| INVOKING Brothers in Arms.
 19263 | Lair:5   | 19263 ||| INVOKING Brothers in Arms.
 19264 | Lair:5   | 19264 ||| INVOKING Brothers in Arms.
 19265 | Lair:5   | 19265 ||| INVOKING Brothers in Arms.
 19266 | Lair:5   | 19266 ||| SWAPPING to +0 morningstar.
 19267 | Lair:5   | 19267 ||| INVOKING Berserk.
 19388 | Lair:5   | 19388 ||| SWAPPING to +5 war axe.
 19492 | Lair:5   | 19492 ||| INVOKING Berserk.
 19507 | Lair:5   | 19507 ||| Stepping ~*~*~tactically~*~*~ (stealth).
 19510 | Lair:5   | 19510 ||| Stepping ~*~*~tactically~*~*~ (stealth).
 19642 | Lair:5   | 19642 ||| INVOKING Berserk.
 19645 | Lair:5   | Reached skill level 15 in Axes
 19659 | Lair:5   | Gained mutation: Your large and strong wings let you fly.
                  | [Gargoyle growth]
 19659 | Lair:5   | Reached XP level 14. HP: 90/90 MP: 14/14
 19667 | Lair:5   | 19667 ||| Stepping ~*~*~tactically~*~*~ (stealth).
 19669 | Lair:5   | 19669 ||| Stepping ~*~*~tactically~*~*~ (stealth).
 19706 | Lair:5   | 19706 ||| Stepping ~*~*~tactically~*~*~ (stealth).
 19710 | Lair:5   | 19710 ||| INVOKING Berserk.
 19735 | Lair:5   | 19735 ||| INVOKING Brothers in Arms.
 19736 | Lair:5   | 19736 ||| SWAPPING to +0 morningstar.
 19739 | Lair:5   | Reached skill level 12 in Fighting
 19739 | Lair:5   | 19739 ||| SWAPPING to +5 war axe.
 20002 | Lair:5   | 20002 ||| Stepping ~*~*~tactically~*~*~ (stealth).
 20217 | Lair:5   | 20217 ||| PLANNING D:1-11
 20354 | D:9      | 20354 ||| STAIRDANCE
 20372 | D:9      | 20372 ||| STAIRDANCE
 20542 | D:9      | 20542 ||| Stepping ~*~*~tactically~*~*~ (hiding).
 20643 | D:9      | 20643 ||| Stepping ~*~*~tactically~*~*~ (hiding).
 20767 | D:9      | 20767 ||| Stepping ~*~*~tactically~*~*~ (hiding).
 20875 | D:9      | Found an ornate altar of the Wu Jian Council.
 20921 | D:9      | 20921 ||| Stepping ~*~*~tactically~*~*~ (stealth).
 20922 | D:9      | Found a staircase to the Orcish Mines.
 20923 | D:9      | 20923 ||| Stepping ~*~*~tactically~*~*~ (hiding).
 21100 | D:9      | Found a runed translucent door.
 21100 | D:9      | Identified the +10 trident of Honour {elec, Str+7}
 21100 | D:9      | Noticed qw's ghost (novice DsCA)
 21230 | D:9      | 21230 ||| Stepping ~*~*~tactically~*~*~ (stealth).
 21234 | D:9      | 21234 ||| Stepping ~*~*~tactically~*~*~ (stealth).
 21235 | D:9      | 21235 ||| Stepping ~*~*~tactically~*~*~ (stealth).
 21240 | D:9      | 21240 ||| Stepping ~*~*~tactically~*~*~ (stealth).
 21242 | D:9      | Reached skill level 6 in Throwing
 21249 | D:9      | Found a white marble altar of Elyvilon.
 21455 | D:9      | 21455 ||| UPGRADING to +0 tower shield.
 21465 | D:9      | 21465 ||| DROPPING +0 kite shield.
 21490 | D:10     | Entered Level 10 of the Dungeon
 21637 | D:10     | Found Nucs's Armour Boutique.
 21715 | D:10     | Noticed Erica
 21716 | D:10     | 21716 ||| INVOKING Berserk.
 21721 | D:10     | Killed Erica
 21886 | D:10     | 21886 ||| Stepping ~*~*~tactically~*~*~ (stealth).
 22002 | D:10     | Found a bloodstained altar of Trog.
 22217 | D:10     | 22217 ||| READING scroll labelled EPLIEBL DOVILL.
 22423 | D:11     | 22423 ||| INVOKING Berserk.
 22569 | D:11     | 22569 ||| Stepping ~*~*~tactically~*~*~ (hiding).
 22827 | D:11     | 22827 ||| DROPPING +2 flail of holy wrath.
 22848 | D:11     | 22848 ||| Stepping ~*~*~tactically~*~*~ (hiding).
 22855 | D:11     | 22855 ||| Stepping ~*~*~tactically~*~*~ (stealth).
 22857 | D:11     | 22857 ||| Stepping ~*~*~tactically~*~*~ (stealth).
 23047 | D:11     | Identified the +0 helmet "Joschauss" {rPois rN+}
 23115 | D:11     | 23115 ||| UPGRADING to +0 helmet "Joschauss" {rPois rN+}.
 23125 | D:11     | 23125 ||| DROPPING +2 hat.
 23126 | D:11     | 23126 ||| READING scroll labelled ICOSAX ASAWEIRA.
 23284 | D:10     | 23284 ||| PLANNING D
 23361 | D:12     | 23361 ||| FLEEEEING.
 23362 | D:12     | 23362 ||| FLEEEEING.
 23363 | D:12     | 23363 ||| FLEEEEING.
 23364 | D:12     | 23364 ||| FLEEEEING.
 23365 | D:12     | 23365 ||| FLEEEEING.
 23366 | D:12     | 23366 ||| STAIRDANCE
 23470 | D:12     | 23470 ||| STAIRDANCE
 23479 | D:11     | Reached skill level 13 in Shields
 23512 | D:12     | 23512 ||| STAIRDANCE
 23600 | D:12     | 23600 ||| STAIRDANCE
 23702 | D:12     | 23702 ||| READING scroll of enchant armour.
 23702 | D:12     | 23702 ||| ENCHANTING +0 pair of boots.
 23828 | D:12     | Found Nexuo's Vocational Training.
 23919 | D:13     | Noticed Josephine
 23920 | D:13     | 23920 ||| Stepping ~*~*~tactically~*~*~ (hiding).
 23923 | D:13     | 23923 ||| Stepping ~*~*~tactically~*~*~ (hiding).
 23931 | D:13     | Killed Josephine
 23984 | D:13     | 23984 ||| FLEEEEING.
 23985 | D:13     | 23985 ||| FLEEEEING.
 23986 | D:13     | 23986 ||| FLEEEEING.
 23987 | D:13     | 23987 ||| FLEEEEING.
 23988 | D:13     | 23988 ||| FLEEEEING.
 23989 | D:13     | 23989 ||| FLEEEEING.
 23990 | D:13     | 23990 ||| FLEEEEING.
 23991 | D:13     | 23991 ||| FLEEEEING.
 23992 | D:13     | 23992 ||| FLEEEEING.
 23993 | D:13     | 23993 ||| FLEEEEING.
 23994 | D:13     | 23994 ||| FLEEEEING.
 23995 | D:13     | 23995 ||| FLEEEEING.
 23996 | D:13     | 23996 ||| FLEEEEING.
 23997 | D:13     | 23997 ||| FLEEEEING.
 23999 | D:13     | 23999 ||| FLEEEEING.
 24000 | D:13     | 24000 ||| FLEEEEING.
 24001 | D:13     | 24001 ||| FLEEEEING.
 24002 | D:13     | 24002 ||| STAIRDANCE
 24110 | D:12     | 24110 ||| DROPPING ring of positive energy.
 24111 | D:12     | 24111 ||| DROPPING ring of resist corrosion.
 24120 | D:13     | 24120 ||| STAIRDANCE
 24187 | D:13     | Noticed Urug
 24193 | D:13     | 24193 ||| INVOKING Berserk.
 24201 | D:13     | HP: 33/138 [Urug/+0 scimitar of flaming (3)]
 24207 | D:13     | Killed Urug
 24208 | D:13     | Reached skill level 14 in Shields
 24208 | D:13     | HP: 31/138 [vault guard/+0 war axe (4)]
 24220 | D:13     | 24220 ||| READING 8 scrolls of teleportation.
 24221 | D:13     | 24221 ||| DRINKING 4 potions of heal wounds.
 24255 | D:13     | 24255 ||| Stepping ~*~*~tactically~*~*~ (stealth).
 24256 | D:13     | 24256 ||| Stepping ~*~*~tactically~*~*~ (stealth).
 24257 | D:13     | 24257 ||| Stepping ~*~*~tactically~*~*~ (stealth).
 24258 | D:13     | 24258 ||| Stepping ~*~*~tactically~*~*~ (stealth).
 24259 | D:13     | 24259 ||| Stepping ~*~*~tactically~*~*~ (stealth).
 24276 | D:13     | 24276 ||| INVOKING Berserk.
 24296 | D:13     | 24296 ||| INVOKING Trog's Hand.
 24309 | D:13     | HP: 16/92 [slime creature (12)]
 24310 | D:13     | 24310 ||| READING 7 scrolls of teleportation.
 24311 | D:13     | 24311 ||| DRINKING 3 potions of heal wounds.
 24449 | D:13     | 24449 ||| Stepping ~*~*~tactically~*~*~ (stealth).
 24608 | D:13     | 24608 ||| Stepping ~*~*~tactically~*~*~ (stealth).
 24610 | D:13     | 24610 ||| Stepping ~*~*~tactically~*~*~ (hiding).
 24628 | D:13     | Reached skill level 15 in Shields
 24628 | D:13     | Reached ***** piety under Trog
 24677 | D:13     | 24677 ||| READING scroll of enchant weapon.
 24677 | D:13     | 24677 ||| ENCHANTING +5 war axe.
 24696 | D:13     | Found a gate to the Vaults.
 24771 | D:13     | 24771 ||| Stepping ~*~*~tactically~*~*~ (hiding).
 24777 | D:13     | 24777 ||| Stepping ~*~*~tactically~*~*~ (hiding).
 24779 | D:13     | 24779 ||| Stepping ~*~*~tactically~*~*~ (hiding).
 24915 | D:13     | 24915 ||| Stepping ~*~*~tactically~*~*~ (stealth).
 24924 | D:13     | 24924 ||| Stepping ~*~*~tactically~*~*~ (stealth).
 24929 | D:13     | Found an iron altar of Okawaru.
 25033 | D:13     | 25033 ||| Stepping ~*~*~tactically~*~*~ (stealth).
 25043 | D:13     | 25043 ||| Stepping ~*~*~tactically~*~*~ (stealth).
 25382 | D:14     | 25382 ||| INVOKING Berserk.
 25387 | D:14     | Reached XP level 15. HP: 96/96 MP: 15/15
 25400 | D:14     | Identified the +3 spear "Xustruj" {flame, Stlth+} (Trog
                  | gifted it to you on level 14 of the Dungeon)
 25400 | D:14     | Received a gift from Trog
 25609 | D:14     | 25609 ||| Stepping ~*~*~tactically~*~*~ (hiding).
 25610 | D:14     | 25610 ||| Stepping ~*~*~tactically~*~*~ (hiding).
 25867 | D:14     | 25867 ||| Stepping ~*~*~tactically~*~*~ (hiding).
 25873 | D:14     | 25873 ||| Stepping ~*~*~tactically~*~*~ (hiding).
 25884 | D:14     | Reached skill level 16 in Shields
 25953 | D:14     | 25953 ||| INVOKING Brothers in Arms.
 25956 | D:14     | 25956 ||| SWAPPING to +0 morningstar.
 25957 | D:14     | 25957 ||| INVOKING Berserk.
 25996 | D:14     | 25996 ||| SWAPPING to +6 war axe.
 26447 | D:15     | Entered Level 15 of the Dungeon
 26456 | D:15     | Identified the ring "Kuat" {rPois rCorr Str+6 Dex+4}
 26474 | D:15     | 26474 ||| Stepping ~*~*~tactically~*~*~ (hiding).
 26663 | D:15     | 26663 ||| INVOKING Berserk.
 26780 | D:15     | 26780 ||| Stepping ~*~*~tactically~*~*~ (hiding).
 26796 | D:15     | 26796 ||| SWAPPING to +0 morningstar.
 26797 | D:15     | 26797 ||| INVOKING Berserk.
 26808 | D:15     | 26808 ||| SWAPPING to +6 war axe.
 27077 | D:15     | 27077 ||| Stepping ~*~*~tactically~*~*~ (stealth).
 27105 | D:15     | 27105 ||| Stepping ~*~*~tactically~*~*~ (stealth).
 27108 | D:15     | 27108 ||| Stepping ~*~*~tactically~*~*~ (stealth).
 27114 | D:15     | 27114 ||| INVOKING Trog's Hand.
 27121 | D:15     | 27121 ||| INVOKING Berserk.
 27256 | D:15     | Found a staircase to the Depths.
 27425 | D:15     | Found an ornate altar of the Wu Jian Council.
 27477 | D:15     | 27477 ||| PLANNING ORC
 27477 | D:15     | 27477 ||| DROPPING ring of see invisible.
 27478 | D:15     | 27478 ||| DROPPING +6 ring of dexterity.
 27479 | D:15     | 27479 ||| UPGRADING to ring "Kuat" {rPois rCorr Str+6
                  | Dex+4}.
 27481 | D:15     | 27481 ||| UPGRADING to +6 ring of strength.
 27639 | Orc:1    | Entered Level 1 of the Orcish Mines
 27640 | Orc:1    | 27640 ||| Stepping ~*~*~tactically~*~*~ (hiding).
 27692 | Orc:1    | 27692 ||| Stepping ~*~*~tactically~*~*~ (stealth).
 27735 | Orc:1    | 27735 ||| INVOKING Trog's Hand.
 27737 | Orc:1    | 27737 ||| INVOKING Berserk.
 27913 | Orc:1    | 27913 ||| Stepping ~*~*~tactically~*~*~ (stealth).
 28206 | Orc:2    | Entered Level 2 of the Orcish Mines
 28206 | Orc:2    | Found a staircase to the Elven Halls.
 28207 | Orc:2    | 28207 ||| INVOKING Trog's Hand.
 28212 | Orc:2    | 28212 ||| INVOKING Berserk.
 28216 | Orc:2    | Reached skill level 3 in Dodging
 28236 | Orc:2    | 28236 ||| INVOKING Trog's Hand.
 28245 | Orc:2    | HP: 18/96 [two-headed ogre/+0 great mace (16)]
 28246 | Orc:2    | 28246 ||| READING 6 scrolls of teleportation.
 28246 | Orc:2    | HP: 2/96 [two-headed ogre/+0 great mace (10)]
 28246 | Orc:2    | Annihilated by an ettin

Levels and vault maps discovered:
D:1:      sevenhm_arrival_forest_fort_large_4, layout_rooms, serial_shops, shop,
          amethyst_killhole
D:2:      layout_basic, shapermc_ecumenical_altar_acropolis, basic_altar,
          minmay_diced_spiral
D:3:      layout_rooms, grunt_dithmenos_smoke, lemuel_coloured_pillars_altar,
          uniq_ijyb
D:4:      layout_gridville, kennysheep_mini_moat, uniq_blork_the_orc,
          uniq_sigmund, uniq_pikel
D:5:      layout_loops_ring, nicolae_overflow_crystal_walls,
          kennysheep_slug_shrine, nicolae_uskayaw_dance_hall, vehumet_statue,
          temple_hall_moat, due_unseen_surprise
D:6:      layout_loops_corners, mainiacjoe_overflow_concentric_impassable,
          chequers_serial_rivers_micro_b, kennysheep_path_1
D:7:      minmay_evil_eye, layout_loops_ring, xom_confusion_cloud,
          serial_demonic, serial_demonic_c, serial_demonic_g, serial_demonic_d,
          serial_demonic_e, serial_demonic_b, serial_demonic_e,
          serial_demonic_c, serial_shops, shop, chequers_serial_rivers_small_3,
          uniq_joseph
D:8:      minmay_separated_statues, layout_rooms, mainiacjoe_overflow_catwalk,
          lemuel_mausoleum_altar_yredelemnul, erik_lair_dragon
D:9:      layout_roguey, nicolae_elyvilon_peaceful_grove,
          mainiacjoe_overflow_boulevard, david_orc_2,
          ebering_ghost_funeral_grove
D:10:     layout_basic, lemuel_tele_altar, serial_shops,
          nicolae_take_the_stairs, grunt_ogre_cave, hex_large, uniq_erica
D:11:     layout_roguey, minmay_holes
D:12:     layout_gridville, minmay_gold_behind_fungi, nicolae_shop_vocational
D:13:     layout_long_grid, david_vaults_5, grunt_ministairs_1,
          minmay_misc_feat_ornament, serial_park_tiny_2, serial_park_tiny_2,
          okawaru_altar_gauntlet_db, uniq_urug, uniq_josephine
D:14:     layout_gridville, corexii_corridor_pit
D:15:     grunt_enter_depths_giant_problem, layout_loops_cross,
          nzn_wu_jian_council_hall
Lair:1:   layout_chaotic_city, ebering_ghost_reflecting_pool, uniq_maggie
Lair:2:   layout_small_grid, minmay_shoals_entry_beasts,
          nicolae_spider_entry_orb_guardian, serial_bayou_lake_a,
          grunt_megastairs_1
Lair:3:   layout_loops_ring, eino_small_chamber_without_monster,
          serial_bayou_shore_a, lemuel_fruit_fields
Lair:4:   layout_regular_city, minmay_slime_entry_oklob_open, dpeg_oklob_1,
          infiniplex_staircase_pool, uniq_sonja, uniq_nessos
Lair:5:   grunt_lair_end_beastmaster, layout_regular_city,
          kilobyte_rumbling_trees, serial_bayou_shore_b,
          infiniplex_staircase_pool_2, serial_bayou_shore_b
Orc:1:    layout_caves
Orc:2:    st_orc_open, layout_caves

Skill      XL: |  1  2  3  4  5  6  7  8  9 10 11 12 13 14 15 |
---------------+----------------------------------------------+-----
Axes           | 3 4 5 8 9 10 11 13 15 | 15.7
Throwing       | 1 2 3 4 5 6 |  6.0
Armour         | 3 4 5 7 8 9 10 | 10.0
Fighting       | 7 9 10 11 12 | 12.1
Shields        | 6 9 10 11 12 15 16 | 16.3
Dodging        | 2 4 |  4.2

Action                   |  1- 3 |  4- 6 |  7- 9 | 10-12 | 13-15 || total
-------------------------+-------+-------+-------+-------+-------++-------
Melee: Hand axe          |   118 |    86 |   388 |   305 |       ||   897
       Unarmed           |       |     4 |       |       |       ||     4
       Punch             |       |       |     1 |       |       ||     1
       War axe           |       |       |       |   447 |   767 ||  1214
       Flail             |       |       |       |     8 |       ||     8
       Morningstar       |       |       |       |     8 |    23 ||    31
Throw: Javelin           |    16 |    18 |     7 |    38 |    88 ||   167
Invok: Berserk           |       |     4 |    11 |    22 |    27 ||    64
       Brothers in Arms  |       |       |       |     3 |     3 ||     6
       Trog's Hand       |       |       |       |       |     5 ||     5
  Use: Scroll            |     6 |     4 |    10 |    18 |     8 ||    46
       Potion            |       |     1 |     1 |     1 |     3 ||     6
Armor: Animal skin       |    21 |       |       |       |       ||    21
       Leather armour    |    30 |     4 |       |       |       ||    34
       Ring mail         |       |    12 |       |       |       ||    12
       Plate armour      |       |    25 |   258 |   321 |       ||   604
       Chain mail        |       |       |       |    36 |   455 ||   491
Dodge: Dodged            |    63 |    29 |   142 |   116 |   157 ||   507
Block: Other             |    14 |    16 |    66 |       |       ||    96
       Reflection        |     2 |     2 |     3 |    18 |    29 ||    54
       Kite shield       |       |       |    68 |   509 |   246 ||   823
       Tower shield      |       |       |       |       |   527 ||   527

Table legend:
 A = Non-vault XP
 B = Vault XP
 C = Vault XP percentage of total XP
 D = Non-vault monster count
 E = Vault monster count
 F = Vault count percentage of total count
                 A         B        C        D         E       F
            +---------+---------+-------+---------+---------+-------
      Total |   79283 |   35718 |  31.1 |     396 |     129 |  24.6
            +---------+---------+-------+---------+---------+-------
        D:1 |      30 |       0 |   0.0 |      17 |       0 |   0.0
        D:2 |      76 |      10 |  11.6 |      18 |       5 |  21.7
        D:3 |      43 |      36 |  45.6 |      12 |       1 |   7.7
        D:4 |     139 |     986 |  87.6 |      17 |       3 |  15.0
        D:5 |    1084 |      36 |   3.2 |      16 |       2 |  11.1
        D:6 |     806 |       0 |   0.0 |      20 |       0 |   0.0
        D:7 |    1376 |    1497 |  52.1 |      19 |      21 |  52.5
        D:8 |    1686 |    3634 |  68.3 |      17 |      20 |  54.1
        D:9 |    3200 |      15 |   0.5 |      21 |       5 |  19.2
       D:10 |    1693 |     971 |  36.4 |      13 |       2 |  13.3
       D:11 |    3551 |       0 |   0.0 |      13 |       0 |   0.0
       D:12 |    1308 |       0 |   0.0 |      10 |       0 |   0.0
       D:13 |    6876 |    8358 |  54.9 |      18 |      23 |  56.1
       D:14 |    6607 |       0 |   0.0 |      13 |       0 |   0.0
       D:15 |   11420 |    1031 |   8.3 |      21 |       1 |   4.5
     Lair:1 |    5122 |     415 |   7.5 |      16 |       1 |   5.9
     Lair:2 |    7149 |     959 |  11.8 |      28 |       3 |   9.7
     Lair:3 |    4054 |       0 |   0.0 |      16 |       0 |   0.0
     Lair:4 |    5176 |    2550 |  33.0 |      25 |       4 |  13.8
     Lair:5 |   11141 |   11812 |  51.5 |      35 |      28 |  44.4
      Orc:1 |    1337 |       0 |   0.0 |      18 |       0 |   0.0
      Orc:2 |    5409 |    3408 |  38.7 |      13 |      10 |  43.5
            +---------+---------+-------+---------+---------+-------
